 Dungeon Crawl Stone Soup version 0.32-a0-913-g739538afd8 (webtiles) character file.

Game seed: 11929932014986316243

2279 Fodor the Cleaver (level 9, 0/79 HPs)
             Began as a Minotaur Fighter on Apr 8, 2024.
             Slain by a killer bee (3 damage)
             ... on level 5 of the Dungeon.
             The game lasted 00:11:59 (3855 turns).

Fodor the Cleaver (Minotaur Fighter)                Turns: 3855, Time: 00:11:59

Health: 0/79       AC:  8    Str: 24    XL:     9   Next: 16%
Magic:  8/8        EV:  9    Int:  5    God:
Gold:   166        SH:  4    Dex: 11    Spells: 8/8 levels left

rFire   . . .        a - +1 war axe
rCold   . . .        c - +0 buckler
rNeg    . . .        b - +0 scale mail
rPois   .            (helmet restricted)
rElec   .            (no cloak)
rCorr   .            (no gloves)
SInv    .            (no boots)
Will    .....        (no amulet) Stlth
                     (no ring)
HPRegen 0.33/turn    (no ring)
MPRegen 0.11/turn

%: no passive effects
@: lethally poisoned (0 -> -14)
A: horns 2, retaliatory headbutt
a: no special abilities


You were on level 5 of the Dungeon.
You visited 2 branches of the dungeon, and saw 6 of its levels.

You collected 188 gold pieces.
You spent 22 gold pieces at shops.

Inventory:

Hand Weapons
 a - a +1 war axe (weapon)
 s - a +0 arbalest
Missiles
 o - a silver javelin (quivered)
Armour
 b - a +0 scale mail (worn)
 c - a +0 buckler (worn)
Jewellery
 f - a ring of willpower
 j - a +6 ring of strength
Wands
 r - a wand of iceblast (6)
Scrolls
 e - a scroll of butterflies
 h - a scroll of enchant armour
 k - a scroll of silence {unknown}
 l - 2 scrolls of amnesia
 q - a scroll of identify
Potions
 d - a potion of might
 g - a potion of brilliance {unknown}
 i - 2 potions of lignification {unknown}
 m - 2 potions of mutation {unknown}
 n - a potion of ambrosia {unknown}
 p - a potion of curing {unknown}


   Skills:
 + Level 7.5 Fighting
 + Level 9.8 Axes
 + Level 1.2 Throwing
 + Level 7.8 Armour
 + Level 2.7 Dodging
 + Level 0.9 Stealth
 + Level 5.2 Shields


You had 8 spell levels left.
You didn't know any spells.
Your spell library contained the following spells:

 Spells                   Type           Power      Damage    Failure   Level
 Apportation              Tloc           0%         N/A       80%         1
 Freeze                   Ice            0%         1d3       80%         1
 Jinxbite                 Hex            0%         N/A       91%         2
 Frozen Ramparts          Ice            0%         1d1       99%         3
 Hailstorm                Conj/Ice       0%         3d5       99%         3
 Alistair's Intoxication  Alch           0%         N/A       100%        5


Dungeon Overview and Level Annotations

Branches:
Dungeon (5/15)             Temple (1/1) D:4

Altars:
Ashenzari
Cheibriados
Okawaru
Qazlal
Ru
Sif Muna
Trog
Vehumet
Xom
Yredelemnul
Zin
The Shining One

Shops:
D:3 =   D:4 ?

Annotations:
D:3 1 runed translucent door, Crazy Yiuf


Innate Abilities, Weirdness & Mutations

You have a pair of horns on your head.
You reflexively headbutt those who attack you in melee.


Message History

You are more poisoned.
The killer bee poisons you! The killer bee misses you.
You miss the killer bee.
The killer bee is severely wounded.
You feel very sick. The killer bee stings you.
The killer bee stings you but does no damage.
You hit the killer bee but do no damage.
The killer bee is severely wounded.
You feel very sick. The killer bee stings you.
* * * LOW HITPOINT WARNING * * *
You block the killer bee's attack.
You slice the killer bee!!
You kill the killer bee!
You feel sick. The killer bee barely misses you. You furiously retaliate!
You headbutt the killer bee! You slash the killer bee!
You kill the killer bee!
You feel sick. The killer bee barely misses you.
You miss the killer bee.
You feel sick. The killer bee stings you.
* * * LOW HITPOINT WARNING * * *
You are lethally poisoned!
The killer bee poisons you!
The killer bee stings you but does no damage.
You miss the killer bee. Your headbutt misses the killer bee.
* * * LOW HITPOINT WARNING * * *
You feel very sick. You block the killer bee's attack.
The killer bee stings you but does no damage.
You closely miss the killer bee.
* * * LOW HITPOINT WARNING * * *
You feel very sick. The killer bee closely misses you.
The killer bee stings you.
* * * LOW HITPOINT WARNING * * *
You are more poisoned.
The killer bee poisons you!
A killer bee comes into view.
The killer bee stings you.
You die...

≈~~~≈~~~~~~.≈~
~~~≈~.~≈~~~≈~~
#.~........~~~
######.####### # #..))..#
########### #
######.###########..........
# #..............########
#..#############
#....y@.......
#...#####y#### #...# #..y#
#...# #...# #.... #.....
#.####


You could see 2 killer bees.

Vanquished Creatures
  The ghost of ratmeat3 the Insei, a novice OpFi (D:5)
  Grinder (D:3)
  Prince Ribbit (D:5)
  6 yaks (D:5)
  An ice beast (D:5)
  A scorpion (D:4)
  4 killer bees (D:5)
  A bombardier beetle (D:4)
  A jelly (D:5)
  An orc priest (D:4)
  A hound (D:5)
  Terence (D:2)
  2 sleepcaps (D:5)
  Natasha (D:4)
  3 orc wizards
  2 adders
  A shadow imp (D:5)
  A dart slug (D:3)
  6 ribbon worms
  8 orcs
  7 endoplasms
  6 giant cockroaches
  6 goblins
  7 hobgoblins
  5 jackals
  4 quokkas
  6 ball pythons
  5 bats
  11 frilled lizards
  4 kobolds
  3 rats (D:1)
108 creatures vanquished.

Notes
Turn   | Place    | Note
-------+----------+-------------------------------------------
     0 | D:1      | Fodor the Minotaur Fighter began the quest for the Orb.
     0 | D:1      | Reached XP level 1. HP: 19/19 MP: 0/0
    73 | D:1      | Reached XP level 2. HP: 26/27 MP: 1/1
   576 | D:2      | Reached XP level 3. HP: 29/33 MP: 2/2
   638 | D:2      | Reached skill level 3 in Axes
  1031 | D:2      | Noticed Terence
  1037 | D:2      | Killed Terence
  1038 | D:2      | Reached XP level 4. HP: 34/40 MP: 3/3
  1185 | D:3      | Found Qipir's Jewellery Shoppe.
  1214 | D:3      | Reached skill level 1 in Dodging
  1214 | D:3      | Found a bloodstained altar of Trog.
  1246 | D:3      | Reached skill level 4 in Axes
  1275 | D:3      | Noticed Grinder
  1285 | D:3      | Killed Grinder
  1286 | D:3      | Reached skill level 5 in Axes
  1286 | D:3      | Reached skill level 5 in Armour
  1286 | D:3      | Reached XP level 5. HP: 42/47 MP: 4/4
  1286 | D:3      | Reached XP level 6. HP: 48/53 MP: 5/5
  1414 | D:3      | Found a faded altar of an unknown god.
  2231 | D:3      | Found a runed translucent door.
  2232 | D:3      | Noticed Crazy Yiuf
  2314 | D:4      | Found Ceel's Magic Scroll Emporium.
  2320 | D:4      | Bought a scroll of identify for 22 gold pieces
  2364 | D:4      | Reached skill level 6 in Axes
  2549 | D:4      | Found a stormy altar of Qazlal.
  2584 | D:4      | Reached skill level 5 in Fighting
  2662 | D:4      | Noticed Natasha
  2667 | D:4      | Killed Natasha
  2706 | D:4      | Found a snail-covered altar of Cheibriados.
  2785 | D:4      | Found a staircase to the Ecumenical Temple.
  2791 | Temple   | Entered the Ecumenical Temple
  2850 | D:4      | Reached XP level 7. HP: 43/61 MP: 6/6
  2959 | D:5      | Entered Level 5 of the Dungeon
  3012 | D:5      | Noticed Prince Ribbit
  3035 | D:5      | Killed Prince Ribbit
  3042 | D:5      | Reached skill level 7 in Axes
  3127 | D:5      | Noticed a yak
  3127 | D:5      | Noticed a yak
  3127 | D:5      | Noticed a yak
  3128 | D:5      | Noticed a yak
  3128 | D:5      | Noticed a yak
  3128 | D:5      | Noticed a yak
  3141 | D:5      | Killed a yak
  3149 | D:5      | Killed a yak
  3150 | D:5      | Reached XP level 8. HP: 35/70 MP: 7/7
  3153 | D:5      | Reached skill level 8 in Axes
  3153 | D:5      | Reached skill level 1 in Throwing
  3164 | D:5      | Reached skill level 5 in Shields
  3169 | D:5      | Reached skill level 9 in Axes
  3506 | D:5      | Found a runed translucent door.
  3506 | D:5      | Noticed ratmeat3's ghost (novice OpFi)
  3526 | D:5      | Killed ratmeat3's ghost
  3527 | D:5      | Reached XP level 9. HP: 51/78 MP: 8/8
  3855 | D:5      | HP: 3/79 [killer bee (1)]
  3855 | D:5      | Slain by a killer bee

Illustrated notes

Levels and vault maps discovered:
D:1:      saegor_arrival_simple_e, layout_basic,
          nicolae_concentric_dashed_squares_wild,
          amcnicky_mini_rare_corridor_liquid
D:2:      layout_rooms, small_statue_intersection, minmay_lizard_king,
          uniq_terence
D:3:      layout_loops_corners, mainiacjoe_overflow_alcove_1,
          dreamdust_ecumenical_altar_hidden_monk_grotto, serial_shops,
          nicolae_shop_peninsula, uniq_grinder, uniq_crazy_yiuf_cottage
D:4:      layout_basic, chei_slow_surprise, nicolae_qazlal_eye_of_the_storm,
          minmay_temple_entry_enclosed_plants, serial_shops,
          nicolae_shop_tiny_real_fake_doors, uniq_natasha
D:5:      layout_basic, gammafunk_ghost_grave, chequers_serial_rivers_large_a,
          minmay_pentangle, uniq_prince_ribbit1
Temple:   nicolae_temple_cloud_nine

Skill      XL: |  1  2  3  4  5  6  7  8  9 |
---------------+----------------------------+-----
Armour         | 4 5 6 7 |  7.8
Fighting       | 4 5 6 7 |  7.5
Axes           | 3 5 6 7 9 |  9.8
Shields        | 4 5 |  5.2
Dodging        | 1 2 |  2.7
Throwing       | 1 |  1.2
Stealth        | |  0.9

Action                     |  1- 3 |  4- 6 |  7- 9 || total
---------------------------+-------+-------+-------++-------
  Melee: War axe           |    94 |    91 |    89 ||   274
         Headbutt          |     9 |    19 |    15 ||    43
  Throw: Javelin           |       |     2 |     3 ||     5
    Use: Scroll            |       |     5 |       ||     5
 Armour: Scale mail        |    64 |    44 |    65 ||   173
  Dodge: Dodged            |    52 |    27 |    31 ||   110
  Block: Buckler           |    25 |    23 |    19 ||    67

Table legend: (Time is in decaauts)
 A = Elapsed time spent in this place.
 B = Non-inter-level travel time spent in this place.
 C = Inter-level travel time spent in this place.
 D = Time resting spent in this place.
 E = Time spent auto-exploring this place.
 F = Levels seen in this place.
 G = Mean time per level.
                   A        B        C        D        E       F      G
               +--------+--------+--------+--------+--------+-----+--------+
         Total |   3929 |   3764 |    165 |    142 |   2704 |   6 |  654.8 |
       Dungeon |   3919 |   3754 |    165 |    142 |   2704 |   5 |  783.8 |
        Temple |      9 |      9 |      0 |      0 |      0 |   1 |    9.0 |
               +--------+--------+--------+--------+--------+-----+--------+

Top non-repeatable levels by time:
     D:3: 1146 daAuts
     D:5: 907 daAuts
     D:4: 701 daAuts
     D:1: 584 daAuts
     D:2: 579 daAuts
  Temple: 9 daAuts
